 Dungeon Crawl Stone Soup version 0.19-a0-713-g934ebc7 (webtiles) character file.

56 Ijustatesigmund the Magician (level 3, -1/19 HPs)
             Began as a Deep Elf Wizard on June 20, 2016.
             Slain by a goblin (3 damage)
             ... led by Robin
             ... on level 2 of the Dungeon.
             The game lasted 00:05:31 (1978 turns).

Ijustatesigmund the Magician (Deep Elf Wizard)      Turns: 1978, Time: 00:05:31

Health: -1/19      AC:  3    Str:  4    XL:     3   Next: 69%
Magic:  8/10       EV: 13    Int: 27    God:
Gold:   77         SH:  0    Dex: 14    Spells: 3 memorised, 5 levels left

rFire  . . .     SeeInvis .     j - +0 short sword
rCold  . . .     Gourm    .     a - +0 robe
rNeg   . . .     Faith    .     (no shield)
rPois  .         Spirit   .     b - +1 hat
rElec  .         Dismiss  .     (no cloak)
rCorr  .         Reflect  .     (no gloves)
SustAt .         Harm     .     (no boots)
MR     .....                    (no amulet)
Stlth  +.........               (no ring)
                                i - +1 ring of slaying

@: confused, brilliant, flying, repel missiles, not resistant to hostile
enchantments, very unstealthy
A: no striking features
a: no special abilities


You were on level 2 of the Dungeon.
You were very hungry.

You visited 1 branch of the dungeon, and saw 2 of its levels.

You collected 77 gold pieces.

Inventory:

Hand Weapons
 j - a +0 short sword (weapon)
Armour
 a - a +0 robe (worn)
 b - a +1 hat (worn)
Jewellery
 i - a +1 ring of slaying (left hand)
Scrolls
 f - 3 scrolls of remove curse
 h - a scroll of enchant armour
 k - a scroll of noise {unknown}
 m - a scroll of teleportation {unknown}
 q - a scroll of identify {unknown}
Books
 c - a book of Minor Magic

   Spells                             Type                      Level
   a - Magic Dart                     Conjuration                  1
   b - Blink                          Translocation                2
   c - Call Imp                       Summoning                    2
   d - Repel Missiles                 Charms/Air                   2
   e - Slow                           Hexes                        2
   f - Conjure Flame                  Conjuration/Fire             3
   g - Mephitic Cloud                 Conjuration/Poison/Air       3
Comestibles
 d - 2 bread rations
 g - a meat ration
 p - a royal jelly


   Skills:
 + Level 2.7 Dodging
 + Level 3.2 Stealth
 - Level 4.4 Spellcasting
 - Level 2.7 Conjurations
 + Level 2.0 Charms
   Level 1.1 Summonings
 - Level 1.3 Translocations


You had 5 spell levels left.
You knew the following spells:

 Your Spells              Type           Power        Failure   Level  Hunger
a - Magic Dart            Conj           ####         1%          1    None
b - Blink                 Tloc           N/A          1%          2    None
c - Repel Missiles        Chrm/Air       ####..       1%          2    None


Dungeon Overview and Level Annotations

Branches:
Dungeon (2/15)

Altars:
Zin

Annotations:
D:2 Robin


Message History

Okay, then.
It was a potion of ambrosia.
You are confused.
You feel invigorated.
You are feeling very hungry.
The goblin hits you but does no damage. The goblin misses you. x2
The hobgoblin hits you with a club.
* * * LOW HITPOINT WARNING * * *
The goblin barely misses you.
You hit the goblin.
The goblin is almost dead.
The hobgoblin no longer looks unusually strong.
The goblin no longer looks unusually strong. x2
The goblin hits you. x2; The goblin misses you.
The hobgoblin hits you with a club.
* * * LOW HITPOINT WARNING * * *
Robin closely misses you. The goblin closely misses you. The goblin hits you.
* * * LOW HITPOINT WARNING * * *
The goblin hits you.
You die...

....)..#
#.#####.........##
.......# #.#
########....
.).....# #.# #####
.......# ####.#
........ #....#
........ #....#
#....# #..gg#
#.gg@# #.ggg# #
#..gg# # #...K) #
#...)† # #...... #
....... #
#........ #


You could see Robin, 2 hobgoblins, 6 goblins and a kobold.

Vanquished Creatures
  A worm (D:1)
  2 dart slugs
  2 giant cockroaches (D:1)
  8 goblins
  5 hobgoblins
  5 kobolds
  A ball python (D:2)
  5 bats
  12 giant newts
  8 rats
49 creatures vanquished.

Notes
Turn   | Place    | Note
--------------------------------------------------------------
     0 | D:1      | Ijustatesigmund the Deep Elf Wizard began the quest for the Orb.
     0 | D:1      | Reached XP level 1. HP: 10/10 MP: 7/7
   173 | D:1      | Reached XP level 2. HP: 15/15 MP: 1/9
   479 | D:1      | Learned a level 2 spell: Blink
   482 | D:1      | Learned a level 2 spell: Repel Missiles
   536 | D:1      | Reached skill level 1 in Charms
   682 | D:1      | Reached XP level 3. HP: 19/19 MP: 7/10
  1690 | D:2      | Found a glowing silver altar of Zin.
  1966 | D:2      | Noticed Robin
  1978 | D:2      | Slain by a goblin

Vault maps used:
D:1:      evilmike_arrival_hilbert_curve, minmay_newt_pond
D:2:      nicolae_overflow_hidden_temple, first_bread, minmay_misc_feat_cross,
          uniq_robin

Skill      XL: |  1  2  3 |
---------------+----------+-----
Conjurations   | 2 |  2.7
Stealth        | 3 |  3.2
Charms         | 1 2 |  2.0
Dodging        | |  2.7
Spellcasting   | |  4.4
Summonings     | |  1.1
Translocations | |  1.3

Action                   || total
-------------------------++-------
Melee: Dagger            ||     1
       Short sword       ||     1
 Cast: Magic Dart        ||    96
       Repel Missiles    ||     1
  Use: Scroll            ||     3
       Potion            ||     3
  Eat: Chunk             ||     2
Armor: Robe              ||     6
Dodge: Dodged            ||    24
